 Dungeon Crawl Stone Soup version 0.20.0 (webtiles) character file.

142122 Minorbread the Executioner (level 16, -4/364 HPs)
             Began as a Minotaur Berserker on June 11, 2017.
             Was the Champion of Trog.
             Succumbed to poison (poison gas)
             ... on level 4 of the Swamp.
             The game lasted 01:22:27 (26920 turns).

Minorbread the Executioner (Minotaur Berserker)    Turns: 26920, Time: 01:22:27

Health: -4/364     AC: 28    Str: 37    XL:     16   Next: 79%
Magic:  15/15      EV:  2    Int:  4    God:    Trog [******]
Gold:   2325       SH:  0    Dex: 12    Spells: 15/15 levels left

rFire    . . .     SeeInvis .   Q - +7 executioner's axe (freeze)
rCold    . . .     Gourm    .   (shield currently unavailable)
rNeg     + + +     Faith    .   (armour currently unavailable)
rPois    +         Spirit   .   (helmet currently unavailable)
rElec    .         Reflect  .   (cloak currently unavailable)
rCorr    .         Harm     .   (gloves currently unavailable)
MR       ++...     NoTele   +   (boots currently unavailable)
Stlth    ..........             C - amulet of regeneration
Regen    1.1/turn               B - +3 ring of slaying
MPRegen  0.2/turn               V - +5 ring of strength

@: mighty, berserking, lethally poisoned (-4 -> -45), tree-form, starving, very
quick
A: (retaliatory headbutt), magic resistance 1, wild magic 1
a: Berserk, Trog's Hand, Brothers in Arms, Burn Spellbooks, Renounce Religion


You were on level 4 of the Swamp.
You worshipped Trog.
Trog was exalted by your worship.
You were starving.
You were a tree.
You visited 5 branches of the dungeon, and saw 27 of its levels.
You also visited: Labyrinth.

You collected 2975 gold pieces.
You spent 650 gold pieces at shops.

Inventory:

Hand Weapons
 v - a +4 antimagic executioner's axe
 Q - a +7 executioner's axe of freezing (weapon)
Missiles
 A - 6 javelins of returning (quivered)
Armour
 l - a +0 pair of gloves (melded)
 s - a +1 crystal plate armour (melded)
 t - a +0 pair of boots (melded)
 I - a +0 cloak of invisibility (melded)
Jewellery
 i - a +5 ring of intelligence
 z - an uncursed ring of poison resistance {unknown}
 B - a +3 ring of slaying (left branch)
 C - an amulet of regeneration (around neck)
 M - a +3 amulet of reflection
 T - an uncursed ring of flight
 U - an uncursed ring of resist corrosion
 V - a +5 ring of strength (right branch)
Wands
 c - a wand of paralysis (14/24)
 d - a wand of flame (30/48)
 j - a wand of iceblast (5/15)
 y - a wand of disintegration (5/24)
 K - a wand of flame (11/48)
Scrolls
 a - a scroll of random uselessness {unknown}
 e - 3 scrolls of recharging
 h - a scroll of holy word
 k - 13 scrolls of remove curse
 n - 3 scrolls of magic mapping
 o - 5 scrolls of enchant weapon
 p - 14 scrolls of identify
 u - 12 scrolls of teleportation
 x - 3 scrolls of fear
 D - 2 scrolls of silence
 J - a scroll of enchant armour
 S - a scroll of torment
Potions
 g - a potion of magic
 m - 2 potions of mutation
 r - 3 potions of invisibility
 w - 2 potions of cancellation {unknown}
 E - a potion of resistance {unknown}
 H - 2 potions of brilliance
 N - 6 potions of agility
 O - 3 potions of lignification
 P - a potion of flight
 X - a potion of experience {unknown}
 Y - a potion of ambrosia {unknown}
Comestibles
 b - 18 royal jellies
 f - 3 fruits
 F - 8 meat rations
 G - 11 bread rations


   Skills:
 * Level 20.0 Fighting
 + Level 21.7 Axes
 + Level 16.6 Armour
 + Level 6.4 Dodging


You had 15 spell levels left.
You didn't know any spells.

Dungeon Overview and Level Annotations

Branches:
Dungeon (14/15)            Temple (0/1) D:6            Lair (6/6) D:8
  Swamp (4/4) Lair:4        Snake (1/4) Lair:2        Slime (0/5) Lair:6
    Orc (2/2) D:11            Elf (0/3) Orc:2        Vaults (0/5) D:14

Altars:
Ashenzari
Dithmenos
Gozag
Kikubaaqudgha
Qazlal
Ru
Xom
Jiyva

Shops:
D:10 =*=}   Orc:2 ([*:

Annotations:
Lair:4 exclusion: oklob plant
Swamp:4 Lernaean hydra


Innate Abilities, Weirdness & Mutations

((You reflexively headbutt those who attack you in melee.))
((You have a pair of horns on your head.))
((You have sharp fingernails.))
((Armour fits poorly on your strangely shaped body.))
You are resistant to hostile enchantments. (MR+)
Your spells are a little harder to cast, but a little more powerful.


Message History

Your roots penetrate the ground.
* * * LOW HITPOINT WARNING * * *
You feel extremely sick.
You're standing in a cloud of poison gas!
* * * LOW HITPOINT WARNING * * *
You feel extremely sick.
* * * LOW HITPOINT WARNING * * *
You feel extremely sick.
It was a potion of flight.
Your roots keep you in place.
* * * LOW HITPOINT WARNING * * *
You feel very sick.
It was a potion of might.
You feel very mighty all of a sudden.
* * * LOW HITPOINT WARNING * * *
You feel very sick.
Okay, then.
A red film seems to cover your vision as you go berserk!
You feel yourself moving faster!
You feel mighty!
You are starving!
You die...

♣.≈....≈..≈♣♣≈≈≈≈....♣≈≈≈≈≈≈≈≈..≈
≈....≈.#..[...≈≈≈..≈≈≈≈≈≈≈≈≈§≈.≈.
...............≈≈≈≈≈...≈≈≈≈≈≈≈≈≈♣
♣♣♣.....≈..♣≈..≈≈≈≈≈....≈≈≈≈≈≈≈..
♣≈....≈.§♣≈≈≈≈≈≈≈≈.≈..≈≈≈≈≈≈≈≈.
♣♣...≈≈≈§♣♣§≈≈≈≈≈≈.≈.≈..≈≈≈≈≈..
♣.≈≈≈≈≈.♣♣.≈≈≈≈≈≈≈≈≈..D.≈≈....
≈..§≈≈≈≈≈§≈≈≈≈†≈≈≈≈≈≈≈.≈≈≈≈≈...
...≈§≈≈≈≈≈≈≈≈.≈♣.≈§≈≈≈..≈≈≈≈≈≈♣.
≈≈≈..≈...≈≈≈≈♣♣♣♣♣≈.≈...≈≈≈≈≈♣♣.
♣♣≈.≈≈§♣ ♣♣..≈.≈≈≈≈.≈♣≈ ♣♣..≈≈
.♣♣≈♣≈≈≈♣♣ ♣(≈.≈. ≈≈≈≈≈≈≈≈≈≈
≈≈.≈≈♣♣ ♣≈≈≈≈≈♣≈≈≈ .≈♣♣♣
≈≈≈≈≈≈≈≈.≈ ≈♣ ≈≈≈≈≈≈≈.≈.
♣≈≈≈≈♣♣.♣♣


There were no monsters in sight!

Vanquished Creatures
  Bai Suzhen (Swamp:3)
  Jorgrun (Swamp:3)
  3 thorn hunters (Swamp:4)
  Frances (D:14)
  The ghost of Quarterback16 the Impaler, a journeyman MiBe of Trog (Orc:1)
  A stone giant (Orc:2)
  2 entropy weavers (Lair:5)
  A dire elephant (Lair:6)
  A minotaur (Lab)
  Erolcha (D:11)
  Fannar (D:10)
  A naga warrior (Snake:1)
  Harold (D:10)
  2 ghost crabs
  8 vault guards
  3 catoblepae
  17 hydras
  A centaur warrior (D:10)
  Erica (D:10)
  3 two-headed ogres
  A queen ant (Lair:5)
  4 alligators
  Urug (D:11)
  3 orc high priests
  Sonja (D:11)
  An unseen horror (D:14)
  12 swamp dragons
  A naga ritualist (Snake:1)
  A shambling mangrove (Swamp:2)
  Pikel (D:9)
  3 lindwurms (Lair:6)
  5 orc knights
  5 orc sorcerers
  4 oklob plants (Lair:6)
  6 cyclopes
  3 deep elf magi
  4 ugly things
  5 manticores
  9 elephants
  Maurice (D:9)
  3 black mambas
  2 centaur skeletons
  2 gargoyles
  2 kobold demonologists
  3 naga magi (Snake:1)
  3 torpor snails (Lair:6)
  8 rime drakes
  5 komodo dragons
  28 spiny frogs
  A yaktaur (shapeshifter) (D:14)
  4 trolls
  3 meliai (Lair:5)
  A queen bee (Lair:5)
  3 tyrant leeches
  7 hornets
  26 slime creatures
  10 bog bodies
  4 dream sheep (Lair:6)
  5 blink frogs (Lair:4)
  11 hippogriffs
  A shadow (Swamp:4)
  A vampire (D:12)
  3 hogs (D:7)
  5 spriggans
  43 yaks
  2 wraiths
  A basilisk (Lair:6)
  A human (D:7)
  2 hungry ghosts
  24 vampire mosquitoes
  16 soldier ants (Lair:5)
  13 swamp worms
  12 insubstantial wisps
  16 water moccasins
  A warg (Orc:1)
  5 nagas
  5 porcupines
  An ice beast (shapeshifter) (D:14)
  35 orc warriors
  3 sky beasts
  3 black bears
  10 swamp drakes
  4 slaves (D:9)
  3 ice beasts
  3 phantoms
  10 ogres
  14 wolves
  An eye of draining (D:9)
  18 crocodiles
  8 centaurs
  5 big kobolds
  Blork the orc (D:6)
  20 bullfrogs
  A wyvern zombie (D:7)
  2 gnoll sergeants
  4 scorpions
  A water moccasin skeleton (D:7)
  20 killer bees (Lair:5)
  8 wights
  An electric eel (Lair:4)
  5 crimson imps
  4 howler monkeys
  2 quasits
  2 bullfrog zombies
  2 centaur zombies
  5 jellies
  34 orc wizards
  Crazy Yiuf (D:2)
  25 orc priests
  8 hounds
  Jessica (D:2)
  3 bullfrog skeletons
  A gnoll shaman (D:9)
  A hell rat (Lair:6)
  3 iguanas
  40 worker ants
  A hound zombie (D:6)
  2 hound skeletons
  19 gnolls
  8 adders
  2 shadow imps
  2 adder zombies
  4 oozes (Lair:6)
  A worm (D:4)
  2 dart slugs
  4 leopard geckos
  134 orcs
  3 giant cockroaches
  8 goblins
  6 hobgoblins
  6 jackals
  38 kobolds
  6 quokkas
  2 ball pythons
  5 bats
  6 frilled lizards
  A leopard gecko zombie (D:8)
  2 rats (D:1)
  6 fungi
  6 plants
991 creatures vanquished.

Vanquished Creatures (others)
  A swamp drake (Swamp:4)
  A briar patch (Swamp:4)
  A bush (Lair:4)
  12 fungi
  8 plants
23 creatures vanquished.

Grand Total: 1014 creatures vanquished

Notes
Turn   | Place    | Note
-------+----------+-------------------------------------------
     0 | D:1      | Minorbread the Minotaur Berserker began the quest for the Orb.
     0 | D:1      | Reached XP level 1. HP: 19/19 MP: 0/0
    90 | D:1      | Reached skill level 4 in Axes
   203 | D:1      | Reached XP level 2. HP: 17/27 MP: 1/1
  1188 | D:2      | Found a runed door.
  1244 | D:2      | Reached ** piety under Trog
  1244 | D:2      | Reached XP level 3. HP: 27/34 MP: 2/2
  1479 | D:2      | Noticed Crazy Yiuf
  1488 | D:2      | Killed Crazy Yiuf
  1843 | D:2      | Reached skill level 5 in Axes
  2029 | D:2      | Reached XP level 4. HP: 41/41 MP: 3/3
  2035 | D:2      | Reached skill level 5 in Fighting
  2596 | D:2      | Noticed Jessica
  2603 | D:2      | Killed Jessica
  2603 | D:2      | Reached XP level 5. HP: 44/48 MP: 4/4
  2900 | D:3      | Reached skill level 6 in Axes
  3443 | D:4      | Reached *** piety under Trog
  3445 | D:4      | Reached XP level 6. HP: 55/57 MP: 5/5
  3874 | D:5      | Entered Level 5 of the Dungeon
  3884 | D:5      | Reached skill level 7 in Axes
  3912 | D:5      | Found an opulent altar of Gozag.
  4078 | D:5      | Reached XP level 7. HP: 62/64 MP: 6/6
  4086 | D:5      | Reached skill level 8 in Axes
  4254 | D:5      | Reached skill level 9 in Axes
  4277 | D:5      | Reached **** piety under Trog
  4677 | D:6      | Noticed Blork the orc
  4683 | D:6      | Killed Blork the orc
  4683 | D:6      | Reached XP level 8. HP: 73/73 MP: 7/7
  4847 | D:6      | Found a staircase to the Ecumenical Temple.
  4855 | D:6      | Reached skill level 10 in Axes
  5132 | D:6      | Found a sacrificial altar of Ru.
  5234 | D:7      | Reached skill level 11 in Axes
  5513 | D:7      | Reached XP level 9. HP: 67/83 MP: 8/8
  5732 | D:7      | Reached skill level 12 in Axes
  5782 | D:7      | Reached ***** piety under Trog
  5907 | D:7      | Reached skill level 13 in Axes
  6093 | D:7      | Reached skill level 10 in Fighting
  6350 | D:8      | Found a staircase to the Lair.
  6948 | D:9      | Noticed Maurice
  6953 | D:9      | Reached XP level 10. HP: 94/94 MP: 9/9
  6962 | D:9      | Killed Maurice
  6962 | D:9      | Reached skill level 14 in Axes
  6973 | D:9      | Noticed Pikel
  7006 | D:9      | Killed Pikel
  7179 | D:9      | Found an ancient bone altar of Kikubaaqudgha.
  7181 | D:9      | Found a shadowy altar of Dithmenos.
  7181 | D:9      | Found a deep blue altar of Sif Muna.
  7183 | D:9      | Found a shimmering altar of Xom.
  7183 | D:9      | Found a stormy altar of Qazlal.
  7183 | D:9      | Found a shimmering altar of Xom.
  7415 | D:9      | Reached skill level 5 in Armour
  8042 | D:10     | Entered Level 10 of the Dungeon
  8062 | D:10     | Found Ipri's Gadget Emporium.
  8199 | D:10     | Found Nothryce's Jewellery Shoppe.
  8200 | D:10     | Noticed Erica
  8209 | D:10     | Killed Erica
  8220 | D:10     | Noticed Fannar
  8220 | D:10     | Noticed a two-headed ogre
  8230 | D:10     | Killed a two-headed ogre
  8250 | D:10     | Killed Fannar
  8250 | D:10     | Reached XP level 11. HP: 106/106 MP: 10/10
  8382 | D:10     | Bought an uncursed amulet of regeneration for 480 gold pieces
  8433 | D:10     | Noticed Harold
  8478 | D:10     | Killed Harold
  8492 | D:10     | Found Tofippol's Jewellery Shop.
  8636 | D:10     | Noticed a centaur warrior
  8652 | D:10     | Received a gift from Trog
  8655 | D:10     | Killed a centaur warrior
  8703 | D:10     | Noticed a two-headed ogre
  8708 | D:10     | Killed a two-headed ogre
  8861 | D:10     | Found Qahioqe's General Store.
  8869 | D:10     | Bought a potion of curing for 30 gold pieces
  8870 | D:10     | Gained mutation: You are resistant to hostile enchantments. (MR+) [potion of mutation]
  8870 | D:10     | Gained mutation: Armour fits poorly on your strangely shaped body. [potion of mutation]
  8870 | D:10     | Gained mutation: Your spells are a little harder to cast, but a little more powerful. [potion of mutation]
  8870 | D:10     | Gained mutation: You have sharp fingernails. [potion of mutation]
  8942 | D:11     | Reached skill level 10 in Armour
  9086 | D:11     | Received a gift from Trog
  9150 | D:11     | Noticed Erolcha
  9158 | D:11     | Killed Erolcha
  9163 | D:11     | Noticed Sonja
  9169 | D:11     | Killed Sonja
  9490 | D:11     | Reached XP level 12. HP: 118/118 MP: 11/11
  9572 | D:11     | Noticed Urug
  9579 | D:11     | Killed Urug
  9581 | D:11     | Found a staircase to the Orcish Mines.
  9604 | D:11     | Reached skill level 15 in Axes
 10114 | Lair:1   | Entered Level 1 of the Lair of Beasts
 10799 | Lair:2   | Reached skill level 15 in Fighting
 11063 | Lair:2   | Found a staircase to the Snake Pit.
 11074 | Lair:2   | Reached skill level 16 in Axes
 11722 | Lair:3   | Noticed a five-headed hydra
 11730 | Lair:3   | Killed a two-headed hydra
 12026 | Lair:3   | Received a gift from Trog
 12742 | Lair:4   | Found a labyrinth entrance.
 12747 | Lab      | Entered a labyrinth
 12902 | Lab      | Noticed a minotaur
 12905 | Lab      | Killed a minotaur
 12905 | Lab      | Reached XP level 13. HP: 109/127 MP: 12/12
 12952 | Lair:4   | You fall through a shaft!
 13375 | Lair:4   | Reached skill level 17 in Axes
 13453 | Lair:4   | Found a staircase to the Swamp.
 13919 | Lair:5   | Noticed an entropy weaver
 13931 | Lair:5   | Killed an entropy weaver
 14030 | Lair:5   | Noticed an entropy weaver
 14037 | Lair:5   | Killed an entropy weaver
 14048 | Lair:5   | Reached ****** piety under Trog
 14111 | Lair:5   | Received a gift from Trog
 14141 | Lair:5   | Reached skill level 18 in Axes
 14830 | Lair:6   | Entered Level 6 of the Lair of Beasts
 14835 | Lair:6   | Reached XP level 14. HP: 120/138 MP: 13/13
 14956 | Lair:6   | Found a runed door.
 14957 | Lair:6   | Found a viscous altar of Jiyva.
 14959 | Lair:6   | Found a staircase to the Slime Pits.
 15527 | Lair:6   | Reached skill level 19 in Axes
 15527 | Lair:6   | Received a gift from Trog
 16750 | Orc:1    | Entered Level 1 of the Orcish Mines
 16801 | Orc:1    | Noticed Quarterback16's ghost (journeyman MiBe)
 16974 | Orc:1    | Killed Quarterback16's ghost
 17409 | Orc:2    | Entered Level 2 of the Orcish Mines
 17424 | Orc:2    | Received a gift from Trog
 17479 | Orc:2    | Noticed a stone giant
 17487 | Orc:2    | Killed a stone giant
 18278 | Orc:2    | Reached skill level 20 in Axes
 18443 | Orc:2    | Found a staircase to the Elven Halls.
 18460 | Orc:2    | Received a gift from Trog
 18715 | Orc:2    | Reached XP level 15. HP: 88/147 MP: 14/14
 19065 | Orc:2    | Found Ofyfogaw's Weapon Shoppe.
 19069 | Orc:2    | Found Xata's Assorted Antiques.
 19075 | Orc:2    | Bought a potion of heal wounds for 140 gold pieces
 19075 | Orc:2    | Found Neotag's Book Shop.
 19077 | Orc:2    | Found Vuaqikhli's Armour Shoppe.
 19882 | D:12     | Received a gift from Trog
 20118 | D:12     | Reached skill level 15 in Armour
 20643 | D:13     | Received a gift from Trog
 21487 | D:14     | Noticed Frances
 21494 | D:14     | Killed Frances
 21754 | D:14     | Found a shattered altar of Ashenzari.
 21920 | D:14     | Found a gate to the Vaults.
 21952 | D:14     | Reached skill level 21 in Axes
 22408 | Snake:1  | Entered Level 1 of the Snake Pit
 22654 | Swamp:1  | Entered Level 1 of the Swamp
 22827 | Swamp:1  | Received a gift from Trog
 23867 | Swamp:2  | Reached XP level 16. HP: 159/159 MP: 15/15
 24032 | Swamp:2  | Paralysed by a hornet for 1 turns
 24779 | Swamp:3  | Received a gift from Trog
 24859 | Swamp:3  | Noticed Jorgrun
 24871 | Swamp:3  | Killed Jorgrun
 25327 | Swamp:3  | Noticed Bai Suzhen
 25340 | Swamp:3  | Killed Bai Suzhen
 25340 | Swamp:3  | Reached skill level 5 in Dodging
 25604 | Swamp:4  | Entered Level 4 of the Swamp
 25847 | Swamp:4  | Noticed a thorn hunter
 25866 | Swamp:4  | Killed a thorn hunter
 26080 | Swamp:4  | Noticed a thorn hunter
 26092 | Swamp:4  | Killed a thorn hunter
 26494 | Swamp:4  | Noticed the 27-headed Lernaean hydra
 26578 | Swamp:4  | Received a gift from Trog
 26703 | Swamp:4  | Noticed a thorn hunter
 26713 | Swamp:4  | Killed a thorn hunter
 26917 | Swamp:4  | HP: 11/243 [poison (poison gas)]
 26919 | Swamp:4  | HP: 1/243 [poison (poison gas)]
 26920 | Swamp:4  | Succumbed to poison (poison gas)

Skill      XL: |  1  2  3  4  5  6  7  8  9 10 11 12 13 14 15 16 |
---------------+-------------------------------------------------+-----
Axes           | 4 5 6 7 9 11 13 14 16 18 20 21 | 21.7
Fighting       | 4 5 6 7 9 10 12 14 15 16 17 18 20 | 20.0
Armour         | 7 10 12 13 14 15 16 | 16.6
Dodging        | 3 6 |  6.4

Action                   |  1- 3 |  4- 6 |  7- 9 | 10-12 | 13-15 | 16-18 || total
-------------------------+-------+-------+-------+-------+-------+-------++-------
Melee: Hand axe          |    50 |   111 |   295 |   318 |       |       ||   774
       Headbutt          |     7 |    25 |    77 |   135 |   185 |    60 ||   489
       Executioner's axe |       |       |       |   174 |   887 |   215 ||  1276
Invok: Berserk           |     3 |     1 |     1 |     2 |     7 |     5 ||    19
       Burn Spellbooks   |       |     1 |       |     2 |     4 |       ||     7
  Use: Scroll            |     5 |       |     2 |     6 |    15 |     3 ||    31
       Potion            |       |       |       |     3 |     3 |    10 ||    16
 Stab: Sleeping          |     2 |       |       |       |       |       ||     2
       Petrified         |       |       |       |       |     3 |       ||     3
  Eat: Chunk             |     2 |     7 |    10 |    17 |    41 |     7 ||    84
       Bread ration      |     1 |     1 |       |       |       |       ||     2
       Fruit             |       |       |       |     2 |       |       ||     2
       Royal jelly       |       |       |       |     1 |     2 |     3 ||     6
Armor: Animal skin       |    13 |     2 |       |       |       |       ||    15
       Ring mail         |       |    12 |       |       |       |       ||    12
       Chain mail        |       |    37 |   145 |   110 |       |       ||   292
       Skin              |       |       |       |     4 |       |       ||     4
       Crystal plate arm |       |       |       |   134 |   655 |   259 ||  1048
Dodge: Dodged            |    37 |    52 |    99 |   151 |   280 |   155 ||   774
Block: Other             |       |       |       |     1 |       |       ||     1
